 Dungeon Crawl Stone Soup version 0.30.0-5-g1a98f26d00 (webtiles) character file.

Game seed: 1960244078020073049

805 Pimp the Gusty (level 7, -10/36 HPs)
             Began as a Tengu Air Elementalist on May 10, 2023.
             Mangled by an ogre
             ... wielding a +0 giant club
              (25 damage)
             ... on level 5 of the Dungeon.
             The game lasted 00:21:15 (5368 turns).

Pimp the Gusty (Tengu Air Elementalist)             Turns: 5368, Time: 00:21:16

Health: -10/36     AC:  2    Str:  8    XL:     7   Next: 91%
Magic:  11/13      EV: 16    Int: 18    God:
Gold:   263        SH:  0    Dex: 14    Spells: 10/13 levels left

rFire   . . .        p - +1 dagger (speed)
rCold   . . .        (no shield)
rNeg    . . .        a - +0 robe
rPois   .            (helmet restricted)
rElec   .            (no cloak)
rCorr   .            (no gloves)
SInv    .            (boots unavailable)
Will    .....        (no amulet)
Stlth   +++          (no ring)
HPRegen 0.26/turn    (no ring)
MPRegen 0.13/turn

%: no passive effects
@: flying quickly and evasively, hasted, very quick
A: beak, talons 3, nimble flight
a: no special abilities


You were on level 5 of the Dungeon.
You visited 1 branch of the dungeon, and saw 5 of its levels.
You also visited: Sewer.

You collected 263 gold pieces.

Inventory:

Hand Weapons
 e - a +0 dagger
 j - a +1 sling of electrocution
 k - a +0 short sword
 p - a +1 dagger of speed (weapon)
Armour
 a - a +0 robe (worn)
Scrolls
 g - a scroll of magic mapping
 l - 4 scrolls of teleportation
 o - a scroll of identify
 t - a scroll of fear
 u - a scroll of blinking {unknown}
 v - a scroll of silence {unknown}
Potions
 b - a potion of magic
 c - a potion of curing
 d - a potion of attraction
 f - a potion of haste
 h - 2 potions of brilliance
 i - a potion of invisibility {unknown}
 m - a potion of experience {unknown}
 n - 5 potions of mutation
 q - 6 potions of heal wounds {unknown}
 r - a potion of lignification {unknown}
 s - 2 potions of flight {unknown}


   Skills:
 + Level 1.4 Short Blades
 + Level 1.3 Armour
 + Level 4.5 Dodging
 + Level 4.4 Stealth
 + Level 3.7 Spellcasting
 + Level 5.0 Conjurations
 + Level 6.2 Air Magic


You had 10 spell levels left.
You knew the following spells:

 Your Spells              Type           Power      Damage    Failure   Level
a - Shock                 Conj/Air       92%        1d8       1%          1
b - Static Discharge      Conj/Air       46%        2-4/arc   2%          2

Your spell library contained the following spells:

 Spells                   Type           Power      Damage    Failure   Level
 Swiftness                Air            25%        N/A       3%          3
 Airstrike                Air            12%        2d(2-18)  12%         4
 Freeze                   Ice            12%        1d3       16%         1
 Hailstorm                Conj/Ice       12%        3d5       16%         3
 Frozen Ramparts          Ice            6%         1d1       41%         3


Dungeon Overview and Level Annotations

Branches:
Dungeon (5/15)              Sewer (visited)
 Temple: D:4-7

Altars:

Annotations:
D:3 3 runed translucent doors, monsoonserge's ghost, weakling OgCK


Innate Abilities, Weirdness & Mutations

You have a beak for a mouth.
You have claws for feet.
Your magical nature lets you fly swiftly and evasively.


Message History

The hound is almost dead.
The hound bites you.
You closely miss the hound. Your peck misses the hound.
The hound is almost dead.
The hound bites you.
You completely miss the hound.
The hound is almost dead.
The hound bites you but does no damage.
You closely miss the hound. Your kick misses the hound.
Your peck misses the hound.
The hound is almost dead.
The hound closely misses you.
You hit the hound but do no damage. You claw the hound.
The hound is almost dead.
The hound bites you but does no damage.
You closely miss the hound. You claw the hound.
You kill the hound!
Your Conjurations skill increases to level 5!
HP restored.
u - a scroll labelled BUASOF GIUT
v - a scroll labelled JECKOPNELLE An ogre is nearby!
You barely miss the ogre.
The ogre shouts!
You claw the ogre.
The ogre is moderately wounded.
The ogre hits you with a +0 giant club!
Casting: Shock (safe; 1% risk of failure)
Confirm with . or Enter, or press ? or * to list all spells.
The ogre is struck by an arc of lightning.
The ogre is moderately wounded.
You are struck by an arc of lightning.
The ogre is struck by an arc of lightning.
The ogre is heavily wounded.
You are struck by an arc of lightning.
The lightning grounds out.
Okay, then.
You feel yourself speed up.
The ogre hits you with a +0 giant club!!
Ouch! That really hurt!
You die...

≈~.~P~~♣♣♣#.#.###########.......#
≈~.~~~~♣ #.#.# #######.......#
≈~.~P~♣♣###.#)# ##.....#..######
~~.P~~♣.......# #.........#
~~.~~♣..###.### #.......###
~♣.♣~.......# #.###+###
♣...........# #.# #.#
#...........#)####.###.###
#...........#..O@..#.[...#
#...........#######..###.###
###..##.....##......## #...## #
#..##.....##......# ###..#
###.........##......# ##.#
....#.#.....##......# #.#
#####.......##..)..## ###.#
.†.<#............########~~.#
.####...........##~~.~~~~~~~#


You could see an ogre.

Vanquished Creatures
  An ice beast (D:5)
  2 scorpions
  4 hounds
  2 jellies (D:5)
  An orc priest (D:3)
  A hell rat (Sewer)
  3 iguanas (D:4)
  2 orc wizards
  Robin (D:3)
  A gnoll (D:3)
  6 adders
  2 river rats (Sewer)
  A white imp (D:5)
  An ufetubus (D:4)
  A worm (D:3)
  4 dart slugs
  13 orcs
  5 ball pythons
  7 bats
  6 endoplasms
  10 giant cockroaches
  12 goblins
  8 hobgoblins
  5 jackals (D:3)
  8 kobolds
  7 quokkas
  A frilled lizard (D:1)
  6 rats
121 creatures vanquished.

Notes
Turn   | Place    | Note
-------+----------+-------------------------------------------
     0 | D:1      | Pimp the Tengu Air Elementalist began the quest for the
                  | Orb.
     0 | D:1      | Reached XP level 1. HP: 10/10 MP: 4/4
   217 | D:1      | Reached XP level 2. HP: 15/15 MP: 1/6
   267 | D:1      | Found a faded altar of an unknown god.
  1095 | D:2      | Reached XP level 3. HP: 8/19 MP: 2/7
  1526 | D:2      | Reached XP level 4. HP: 24/24 MP: 6/8
  2244 | D:3      | Noticed monsoonserge's ghost (weakling OgCK)
  2245 | D:3      | Found a runed translucent gate.
  2249 | D:3      | Found a runed translucent gate.
  2249 | D:3      | Found a runed translucent gate.
  2275 | D:3      | Noticed Robin
  2285 | D:3      | Killed Robin
  2656 | D:3      | You fall into a shaft and drop 2 floors!
  2656 | D:5      | Entered Level 5 of the Dungeon
  2680 | D:5      | Found a glowing drain.
  2691 | Sewer    | Entered a sewer
  2738 | Sewer    | Gained mutation: Your magical nature lets you fly swiftly
                  | and evasively. [Tengu growth]
  2738 | Sewer    | Reached XP level 5. HP: 20/28 MP: 1/10
  2771 | Sewer    | Learned a level 2 spell: Static Discharge
  2839 | Sewer    | Reached skill level 5 in Air Magic
  3032 | D:5      | HP: 1/28 [acid (8)]
  3036 | D:5      | Reached XP level 6. HP: 14/32 MP: 1/11
  4037 | D:4      | Reached XP level 7. HP: 28/36 MP: 13/13
  4425 | D:4      | Reached skill level 6 in Air Magic
  5008 | D:5      | Reached skill level 1 in Short Blades
  5008 | D:5      | Reached skill level 1 in Armour
  5288 | D:5      | Reached skill level 5 in Conjurations
  5368 | D:5      | Mangled by an ogre

Illustrated notes

Levels and vault maps discovered:
D:1:      lightli_molten_gateway, layout_loops_ring,
          hellmonk_ecumenical_altar_lost_god, dk_noncrumbling_2
D:2:      layout_basic, minmay_small_reverse_x
D:3:      layout_loops_ring, gammafunk_ghost_split, uniq_robin
D:4:      layout_loops_ring
D:5:      layout_basic, gup_sewer_entry_pipe, serial_bayou,
          serial_bayou_lagoon_b, serial_bayou_pond_a, serial_bayou_pond_b,
          serial_bayou_pond_d

Skill      XL: |  1  2  3  4  5  6  7 |
---------------+----------------------+-----
Conjurations   | 2 3 4 5 |  5.0
Dodging        | 3 4 |  4.5
Stealth        | 3 4 |  4.4
Air Magic      | 5 6 |  6.2
Spellcasting   | 3 |  3.7
Short Blades   | 1 |  1.4
Armour         | 1 |  1.3

Action                     |  1- 3 |  4- 6 |  7- 9 || total
---------------------------+-------+-------+-------++-------
  Melee: Unarmed           |     5 |       |       ||     5
         Peck              |     2 |    11 |     9 ||    22
         Kick              |     1 |    22 |    22 ||    45
         Short sword       |       |    31 |       ||    31
         Punch             |       |     1 |     1 ||     2
         Dagger            |       |    44 |    71 ||   115
   Fire: Sling             |       |    42 |       ||    42
   Cast: Shock             |    56 |    64 |    11 ||   131
         Static Discharge  |       |    18 |    11 ||    29
    Use: Scroll            |     4 |    11 |     3 ||    18
         Potion            |       |     3 |     1 ||     4
   Stab: Sleeping          |       |     3 |     4 ||     7
 Armour: Robe              |    12 |    20 |     7 ||    39
  Dodge: Dodged            |    37 |    88 |    44 ||   169
